AoeStats
← Chigüiro

Arena

510232769Analyzed
4v4 RM · 1d ago on Sep 30, 2026· 48m 29s· 8 players
Game mode
Random Map
Map size
Large (8 player)
Population
200
Speed
Normal
Resources
Standard
Victory
Conquest
Starting age
Dark Age
Ending age
Imperial Age
RankedLock teamsTeams togetherTeam positionsShared explorationLock speedFull tech treeHidden civsTurbo modeCheats
Victory
Defeat
🇨🇴 Cumans · Colombia
1569
+12
🇨🇳 Saracens · China
1487
+16
🇹🇼 Malay · Taiwan
1486
+16
🇧🇷 Wei · Brazil
1471
+16
🇨🇴 Jurchens · Colombia
1612
-19
🇵🇪 Koreans · Peru
1602
-20
🇨🇴 Burmese · Colombia
1397
-12
🇲🇽 Slavs · Mexico
1318
-9
Chigüiro
8:48 Feudal Age
11:40 Double-Bit Axe
17:36 Fletching
17:59 Forging
18:27 Town Watch
21:02 Loom
22:28 Scale Mail Armor
30:57 Fletching
34:18 Castle Age
34:30 Horse Collar
38:38 Pikeman
41:38 Caravan
42:35 Bow Saw
43:07 Chain Mail Armor
44:21 Wheelbarrow
46:48 Imperial Age
45:31 Squires
47:04 Heavy Plow
46:49 Halberdier
48:19 Plate Mail Armor
49:10 Conscription
Roooooooo
11:38 Feudal Age
14:53 Castle Age
13:23 Double-Bit Axe
13:38 Horse Collar
14:05 Town Watch
15:01 Bow Saw
14:40 Loom
20:22 Heavy Plow
21:45 Wheelbarrow
22:06 Gold Mining
22:29 Treadmill Crane
27:13 Imperial Age
26:18 Fletching
26:52 Ballistics
27:42 Chemistry
26:12 Crossbowman
27:11 Bodkin Arrow
27:59 Bracer
28:20 Arbalester
31:22 Padded Archer Armor
34:44 Siege Engineers
37:03 Thumb Ring
39:52 Hand Cart
42:02 Leather Archer Armor
我爱吃小孩
10:14 Feudal Age
14:09 Castle Age
11:58 Horse Collar
13:03 Double-Bit Axe
19:13 Wheelbarrow
19:22 Bow Saw
20:12 Heavy Plow
23:55 Hand Cart
25:09 Loom
28:01 Imperial Age
25:39 Gold Mining
25:40 Stone Mining
26:20 Scale Barding Armor
27:08 Gold Shaft Mining
27:08 Forging
28:17 Bloodlines
28:08 Husbandry
29:14 Conscription
29:16 Chain Barding Armor
28:30 Light Cavalry
30:36 Two-Man Saw
30:39 Iron Casting
32:38 Blast Furnace
32:14 Plate Barding Armor
31:28 Elite Mameluke
32:14 Fletching
31:56 Hussar
35:14 Chemistry
35:34 Town Watch
37:32 Hoardings
37:22 Bodkin Arrow
40:47 Counterweights
41:24 Ballistics
41:15 Masonry
41:02 Murder Holes
Tylenol
10:57 Feudal Age
14:35 Castle Age
12:42 Horse Collar
13:31 Double-Bit Axe
13:59 Gold Mining
15:36 Bow Saw
21:41 Stone Mining
23:28 Wheelbarrow
23:19 Heavy Plow
24:37 Stone Shaft Mining
25:14 Gold Shaft Mining
26:07 Hand Cart
29:27 Imperial Age
27:53 Loom
27:53 Town Watch
28:16 Scale Barding Armor
28:22 Forging
28:44 Forging
28:59 Husbandry
29:10 Bloodlines
29:26 Chain Barding Armor
30:29 Iron Casting
30:35 Conscription
30:19 Tuntian
31:16 Crop Rotation
30:31 Treadmill Crane
31:15 Tuntian
31:36 Conscription
31:23 Elite Tiger Cavalry
33:12 Masonry
35:26 Blast Furnace
39:20 Town Patrol
39:12 Fletching
39:45 Ballistics
40:26 Chemistry
39:22 Murder Holes
40:03 Hoardings
41:58 Ming Guang Armor
41:29 Bodkin Arrow
44:30 Bracer
[GDL] Ly0neZ
6:02 Loom
6:28 Loom
9:06 Feudal Age
16:24 Castle Age
16:45 Man-at-Arms
17:25 Squires
17:28 Scale Mail Armor
17:21 Double-Bit Axe
18:03 Loom
18:07 Town Watch
18:58 Wheelbarrow
20:01 Chain Mail Armor
21:18 Long Swordsman
37:02 Imperial Age
43:18 Elite Skirmisher
47:20 Fletching
47:31 Padded Archer Armor
48:29 Bodkin Arrow
GDL_arlekin_
10:34 Feudal Age
10:41 Loom
15:04 Castle Age
13:24 Horse Collar
13:44 Gold Mining
19:03 Sanctity
27:27 Heavy Plow
30:30 Wheelbarrow
34:12 Imperial Age
32:35 Padded Archer Armor
34:34 Fletching
34:32 Pikeman
35:13 Scale Mail Armor
35:30 Hand Cart
35:44 Forging
36:00 Squires
37:43 Chain Mail Armor
38:20 Conscription
39:53 Plate Mail Armor
40:12 Iron Casting
40:34 Bodkin Arrow
40:42 Gambesons
41:04 Scale Barding Armor
40:43 Halberdier
45:22 Bracer
46:23 Blast Furnace
45:25 Arson
Sadico
11:31 Feudal Age
12:38 Double-Bit Axe
15:06 Castle Age
13:10 Horse Collar
16:36 Bow Saw
19:21 Wheelbarrow
22:32 Town Watch
23:23 Hand Cart
22:59 Loom
24:05 Gold Mining
28:26 Imperial Age
26:58 Scale Mail Armor
27:08 Forging
26:57 Fletching
28:07 Gold Shaft Mining
27:42 Scale Mail Armor
29:17 Bodkin Arrow
29:49 Chain Mail Armor
30:04 Forging
31:07 Chemistry
29:57 Elite Fire Lancer
30:45 Heavy Rocket Cart
30:50 Pikeman
32:00 Bodkin Arrow
32:38 Plate Mail Armor
32:28 Siege Engineers
32:32 Halberdier
33:33 Squires
34:57 Treadmill Crane
39:36 Iron Casting
[GDL] Capitan Nicky
11:04 Feudal Age
12:47 Double-Bit Axe
15:07 Castle Age
13:23 Horse Collar
16:02 Bloodlines
16:25 Forging
20:05 Bow Saw
28:06 Scale Barding Armor
30:46 Wheelbarrow
30:41 Loom
33:29 Imperial Age
32:02 Hand Cart
32:25 Fortified Wall
33:05 Chain Barding Armor
33:23 Iron Casting
32:11 Light Cavalry
32:51 Husbandry
35:16 Chemistry
34:53 Plate Barding Armor
34:35 Elite Steppe Lancer
36:36 Blast Furnace
36:01 Heavy Plow
35:57 Gold Mining
36:19 Guilds
43:39 Siege Engineers
43:55 Ballistics
Connection lost

Rejoining the realm…

Still unreachable

The connection could not be restored.

Session expired

The server has moved on; the page needs a fresh start.